 Dungeon Crawl Stone Soup version 0.26-a0-812-g31a745ddcd (webtiles) character file.

Game seed: 3758535031169724226

354 kae the Slasher (level 6, -1/53 HPs)
             Began as a Minotaur Fighter on Nov 25, 2020.
             Slain by an orc wizard
             ... wielding a +0 dagger
              (3 damage)
             ... on level 4 of the Dungeon.
             The game lasted 00:01:31 (3205 turns).

kae the Slasher (Minotaur Fighter)                  Turns: 3205, Time: 00:01:32

Health: -1/53      AC:  7    Str: 27 (29) XL:     6   Next: 35%
Magic:  5/5        EV: 10    Int:  4 (5)  God:
Gold:   185        SH:  0    Dex:  6 (9)  Spells: 5/5 levels left

rFire    . . .     SeeInvis .   a - +1 long sword
rCold    . . .     Faith    .   o - +0 buckler
rNeg     . . .     Spirit   .   b - +0 scale mail
rPois    .         Reflect  .   (helmet restricted)
rElec    .         Harm     .   (no cloak)
rCorr    .         Rampage  .   (no gloves)
MR       .....                  (no boots)
Stlth    ..........             (no amulet)
HPRegen  0.17/turn              (no ring)
MPRegen  0.09/turn              m - +6 ring of strength

@: confused, hasted, very quick
A: retaliatory headbutt, horns 2
a: no special abilities


You were on level 4 of the Dungeon.
You visited 1 branch of the dungeon, and saw 4 of its levels.

You collected 185 gold pieces.

Inventory:

Hand Weapons
 a - a +1 long sword (weapon)
Armour
 b - a +0 scale mail (worn)
 c - a +0 kite shield
 o - a +0 buckler (worn)
Jewellery
 i - an uncursed ring of ice
 m - a +6 ring of strength (right hand)
Wands
 l - a wand of flame (28)
Scrolls
 f - a scroll of fear
 h - 2 scrolls of teleportation
 n - a scroll of remove curse
Potions
 d - a potion of might
 e - a potion of invisibility
 j - a potion of curing


   Skills:
 + Level 4.7 Fighting
 * Level 5.1 Long Blades
 + Level 4.8 Armour
 + Level 2.6 Dodging
 + Level 4.8 Shields


You had 5 spell levels left.
You didn't know any spells.
Your spell library was empty.

Dungeon Overview and Level Annotations

Branches:
Dungeon (4/15)
 Temple: D:4-7

Altars:
Sif Muna

Annotations:
D:4 Eustachio


Innate Abilities, Weirdness & Mutations

You reflexively headbutt those who attack you in melee.
You have a pair of horns on your head.


Message History

The orc wizard points at you and mumbles some strange words.
The magic dart hits you.
* * * LOW HITPOINT WARNING * * *
The ufetubus barely misses you.
The ufetubus hits you but does no damage.
Something hits you but does no damage.
The orc wizard gestures wildly while chanting.
The orc wizard blinks!
The crimson imp barely misses you. The ufetubus hits you.
* * * LOW HITPOINT WARNING * * *
The ufetubus barely misses you. The iron imp hits you.
* * * LOW HITPOINT WARNING * * *
It was a potion of haste.
You feel yourself speed up. Something hits you but does no damage.
The ufetubus barely misses you. x2
The crimson imp barely misses you.
It was a potion of degeneration.
There was something very wrong with that liquid.
You feel weakened.
You feel dopey.
You feel clumsy.
The ufetubus barely misses you. x2; Something hits you.
You die...

########## #........#
########## #........#
#........# #........#
##........#####........#
..........#...#...o....#
##........#.#.#..5.....#
.#........#.#.'5@......#
#........#.#.#5{......#
.......(....#.b#########
...##.###.###.@ #####.#
#.# ##.. #.# #.# #.. .
... ... ..@. # ### ...
## ....


You could see Eustachio, an iron imp (summoned), an orc wizard (fast), a crimson
imp (summoned), an ufetubus (summoned) and a bat (summoned).

Vanquished Creatures
  A scorpion (D:4)
  A hound (D:4)
  An orc priest (D:2)
  An orc wizard (D:3)
  A hound skeleton (D:4)
  7 adders
  3 oozes (D:1)
  7 worms
  A dart slug (D:1)
  3 leopard geckos
  15 orcs
  9 bats
  A giant cockroach (D:3)
  8 goblins
  9 hobgoblins
  6 jackals (D:3)
  6 kobolds
  2 quokkas (D:3)
  7 frilled lizards
  A leopard gecko skeleton (D:4)
  7 rats
97 creatures vanquished.

Notes
Turn   | Place    | Note
-------+----------+-------------------------------------------
     0 | D:1      | kae the Minotaur Fighter began the quest for the Orb.
     0 | D:1      | Reached XP level 1. HP: 19/19 MP: 0/0
   103 | D:1      | Reached XP level 2. HP: 17/27 MP: 1/1
   266 | D:1      | Reached skill level 3 in Long Blades
   432 | D:1      | Reached skill level 1 in Dodging
   467 | D:1      | Reached XP level 3. HP: 33/33 MP: 2/2
  1119 | D:2      | Found a shimmering blue altar of Sif Muna.
  1451 | D:2      | Reached XP level 4. HP: 37/40 MP: 3/3
  2072 | D:2      | Reached skill level 4 in Long Blades
  2077 | D:3      | Reached XP level 5. HP: 42/46 MP: 4/4
  3049 | D:4      | Reached XP level 6. HP: 53/53 MP: 5/5
  3141 | D:4      | Reached skill level 5 in Long Blades
  3187 | D:4      | Noticed Eustachio
  3203 | D:4      | HP: 2/53 [ufetubus[Eustachio] (4)]
  3205 | D:4      | Slain by an orc wizard

Illustrated notes

Levels and vault maps discovered:
D:1:      dpeg_arrival_concentric_ovals, layout_loops_ring, minmay_tetromino_s4
D:2:      layout_basic, nicolae_overflow_crystal_walls
D:3:      layout_loops_cross
D:4:      layout_basic, nicolae_qazlal_style_of_elements, enter_ossuary_4,
          kennysheep_cluttered_room, uniq_eustachio

Skill      XL: |  1  2  3  4  5  6 |
---------------+-------------------+-----
Long Blades    | 3 4 5 |  5.1
Dodging        | 1 2 |  2.6
Shields        | 4 |  4.8
Armour         | 4 |  4.8
Fighting       | 4 |  4.7

Action                   |  1- 3 |  4- 6 || total
-------------------------+-------+-------++-------
Melee: Long sword        |    80 |   134 ||   214
       Headbutt          |    10 |    23 ||    33
  Use: Scroll            |       |     9 ||     9
       Potion            |       |     2 ||     2
Armor: Scale mail        |    38 |    71 ||   109
Dodge: Dodged            |    25 |    79 ||   104
Block: Kite shield       |    23 |       ||    23
       Buckler           |     4 |    33 ||    37
       Rpst.: Long sword |     9 |    19 ||    28

Table legend: (Time is in decaauts)
 A = Elapsed time spent in this place.
 B = Non-inter-level travel time spent in this place.
 C = Inter-level travel time spent in this place.
 D = Time resting spent in this place.
 E = Time spent auto-exploring this place.
 F = Levels seen in this place.
 G = Mean time per level.
                   A        B        C        D        E       F      G
               +--------+--------+--------+--------+--------+-----+--------+
         Total |   3253 |   3100 |    153 |      0 |   2576 |   4 |  813.2 |
       Dungeon |   3253 |   3100 |    153 |      0 |   2576 |   4 |  813.2 |
               +--------+--------+--------+--------+--------+-----+--------+

Top non-repeatable levels by time:
     D:1: 1135 daAuts
     D:3: 978 daAuts
     D:2: 965 daAuts
     D:4: 173 daAuts
